Map: [ESL] Moondance

Players

trigger - Winner!

  • Race: Protoss Protoss
  • Spawn Location: 12:00

Vindicta

  • Race: Terran Terran
  • Spawn Location: 6:00

Event: DreamHack SC2 Masters 2022 Atlanta (Online)

VOD

Have the link to the VOD?

Description

Time

  • Played on: Oct. 8, 2022, 4:22 p.m.
  • Length: 5:34

All games in this series

Show
View Real Time Build Order
Export as new Build Order

trigger Protoss - Winner!

Build Orders: 1 Gate Expand, Blink Stalkers 

Get SALT Encoding   

  12  0:00  Probe  
  13  0:12  Probe  
  14  0:17  Pylon  
  14  0:24  Probe (Chrono Boost)  
  16  0:36  Gateway  
  16  0:37  Probe (Chrono Boost)  
  16  0:43  Probe (Chrono Boost)  
  16  0:45  Assimilator  
  17  0:51  Probe  
  18  1:03  Probe  
  19  1:15  Probe  
  20  1:23  Cybernetics Core  
  20  1:30  Nexus  
  20  1:33  Probe  
  21  1:40  Pylon  
  21  1:46  Probe  
  22  1:50  Assimilator  
  22  1:57  Stalker (Chrono Boost)  
  24  2:02  Warp Gate  
  24  2:03  Probe  
  25  2:13  Gateway  
  25  2:21  Probe (Chrono Boost)  
  25  2:22  Stalker  
  27  2:32  Probe (Chrono Boost)  
  27  2:36  Probe (Chrono Boost)  
  28  2:38  Twilight Council  
  28  2:42  Probe  
  30  2:47  Probe  
  31  2:52  Stalker  
  31  2:54  Probe  
  34  2:59  Probe  
  35  3:06  Gateway, Probe  
  35  3:09  Blink (Chrono Boost)  
  37  3:13  Probe (Chrono Boost)  
  37  3:18  Probe (Chrono Boost)  
  38  3:26  Pylon  
  39  3:29  Probe x2 (Chrono Boost)  
  39  3:33  Probe (Chrono Boost)  
  40  3:35  Robotics Facility  
  40  3:36  Probe  
  40  3:40  Shield Battery  
  42  3:44  Probe  
  42  3:48  Probe  
  44  3:51  Stalker  
  46  3:57  Probe  
  46  3:59  Pylon  
  46  4:01  Stalker  
  46  4:02  Probe  
  48  4:16  Adept  
  48  4:22  Immortal  
  48  4:23  Probe  
  52  4:27  Stalker  
  52  4:35  Nexus  
  50  4:40  Stalker  
  50  4:41  Probe x2  
  52  4:50  Pylon  
  52  4:52  Stalker  
  52  4:53  Probe  
  52  4:56  Assimilator  
  52  4:58  Assimilator  
  55  5:02  Probe  
Show
View Real Time Build Order
Export as new Build Order

Vindicta Terran 

Build Orders:  

Get SALT Encoding   

  12  0:00  SCV  
  13  0:12  SCV  
  14  0:17  Supply Depot  
  14  0:24  SCV  
  15  0:38  SCV  
  15  0:39  Barracks  
  16  0:45  Refinery  
  16  0:50  SCV  
  16  0:55  Refinery  
  17  1:03  SCV  
  18  1:15  SCV  
  19  1:27  Reaper  
  19  1:28  Orbital Command  
  19  1:32  Supply Depot  
  20  1:50  Factory  
  20  1:55  SCV  
  20  2:00  Barracks Tech Lab  
  21  2:07  SCV  
  22  2:19  SCV  
  22  2:20  Concussive Shells, Marauder  
  25  2:24  Supply Depot  
  25  2:35  Hellion  
  27  2:40  Starport  
  27  2:44  Marauder  
  29  2:52  SCV  
  29  2:56  Hellion  
  32  3:05  Supply Depot  
  32  3:06  Marauder  
  32  3:07  SCV  
  35  3:17  Hellion, Medivac  
  38  3:23  Stimpack  
  38  3:27  SCV  
  38  3:30  Marauder  
  41  3:43  Hellion  
  41  3:47  Viking  
  45  3:53  SCV  
  46  4:02  Supply Depot  
  46  4:09  SCV  
  47  4:13  Marauder  
  47  4:17  Hellion  
  43  4:27  Starport Tech Lab  
  43  4:29  Command Center  
  43  4:31  SCV  
  42  4:34  Marauder  
  39  4:45  SCV  
  39  4:49  Widow Mine, Banshee  
  40  4:57  SCV  
  41  5:10  SCV  
  41  5:11  Widow Mine  
Tags
 
Add a new tag
Caveats
  • Supply blocks, unpowered buildings, or Contaminate may cause inaccurate times.
  • Supply counts are checked every 10 seconds.